 Dungeon Crawl Stone Soup version 0.25-a0-435-g4b9beb1024 (webtiles) character file.

Game seed: 8197873927532436177, levelgen mode: deterministic

287 BeastOfSaturn the Chiller (level 6, -12/55 HPs)
             Began as an Ogre Ice Elementalist on Jan 28, 2020.
             Mangled by a gnoll
             ... wielding a +0 halberd
              (13 damage)
             ... on level 4 of the Dungeon on Jan 29, 2020.
             The game lasted 00:24:37 (5046 turns).

BeastOfSaturn the Chiller (Ogre Ice Elementalist)   Turns: 5046, Time: 00:24:38

Health: -12/55     AC:  3    Str: 14    XL:     6   Next: 30%
Magic:  0/12       EV: 10    Int: 17    God:
Gold:   279        SH:  0    Dex:  9    Spells: 6/14 levels left

rFire    . . .     SeeInvis .   n - +0 war axe
rCold    . . .     Gourm    .   (no shield)
rNeg     . . .     Faith    .   l - +0 animal skin
rPois    .         Spirit   +   (helmet restricted)
rElec    .         Reflect  .   v - scarf {Spirit}
rCorr    .         Harm     .   (gloves unavailable)
MR       .....                  (boots unavailable)
Stlth    +.........             (no amulet)
HPRegen  0.18/turn              (no ring)
MPRegen  0.13/turn              (no ring)

@: no status effects
A: large, unfitting armour, tough skin 1
a: no special abilities


You were on level 4 of the Dungeon.
You were not hungry.

You visited 1 branch of the dungeon, and saw 4 of its levels.

You collected 279 gold pieces.

Inventory:

Hand Weapons
 d - a +0 club
 n - a +0 war axe (weapon)
Armour
 a - a +0 robe
 l - a +0 animal skin (worn)
 v - a scarf of spirit shield (worn)
Wands
 h - a wand of acid (7)
 o - a wand of paralysis (13)
Scrolls
 b - a scroll of enchant weapon {unknown}
 i - 7 scrolls of amnesia {unknown}
 k - a scroll of fog {unknown}
 m - 2 scrolls of teleportation {unknown}
 p - a scroll of immolation {unknown}
 r - a scroll of enchant armour {unknown}
 t - 2 scrolls of remove curse {unknown}
Potions
 e - a potion of invisibility
 g - a potion of cancellation {unknown}
 j - a potion of heal wounds {unknown}
 q - 2 potions of degeneration
 s - a potion of agility {unknown}
 u - a potion of haste {unknown}
 w - a potion of curing {unknown}
Comestibles
 c - a ration


   Skills:
 + Level 1.3 Fighting
 + Level 2.5(2.6) Axes
 + Level 0.6(1.5) Maces & Flails
 + Level 2.1 Dodging
 - Level 1.4 Stealth
 * Level 4.6 Spellcasting
 + Level 4.7 Ice Magic


You had 6 spell levels left.
You knew the following spells:

 Your Spells              Type           Power        Failure   Level  Hunger
a - Freeze                Ice            ###.         1%          1    None
b - Ozocubu's Armour      Chrm/Ice       ##......     17%         3    ###....
c - Hailstorm             Conj/Ice       ##......     50%         4    ####...

Your spell library contained the following spells:

 Spells                   Type           Power        Failure   Level  Hunger
 Summon Ice Beast         Ice/Summ       ##......     50%         4    ####...


Dungeon Overview and Level Annotations

Branches:
Dungeon (4/15)
 Temple: D:4-7

Altars:
Elyvilon
Hepliaklqana

Shops:
D:4 (


Innate Abilities, Weirdness & Mutations

You are too large for most types of armour.
You have tough skin. (AC +1)


Message History

Beogh smites you!
* * * LOW HITPOINT WARNING * * *
The orc priest invokes the aid of Beogh against you.
You struggle to resist.
The orc hits you with a +0 flail.
* * * LOW HITPOINT WARNING * * *
The gnoll barely misses you.
The orc priest invokes the aid of Beogh against you.
You struggle to resist.
The orc priest closely misses you.
You closely miss the orc priest.
The orc priest is moderately wounded.
You barely miss the orc. You barely miss the orc priest. The orc misses you.
The gnoll completely misses you.
The orc priest hits you with a +0 dagger.
* * * LOW HITPOINT WARNING * * *
The orc priest calls upon Beogh to heal the orc priest.
The orc priest's wounds heal themselves!
You closely miss the orc priest. You hit the orc priest. You hit the orc.
The orc hits you with a +0 flail.
The gnoll hits you from afar with a +0 halberd!
You die...

##.. ##.............)...
.......##...........##))...
.................#'#.#.....
..........###....'∩+.......
...........#.....#+#..##...
(...... #..............#...
##.....###....####....#....
.......#.#oog...##....##...
..........@o..#........ .##
.#....##.######.......(
..... ### ....... .... ....
... ##. #. #


You could see 2 orc priests, a gnoll and an orc.

Vanquished Creatures
  An orc priest (D:4)
  2 orc wizards
  A worker ant (D:3)
  Robin (D:2)
  3 gnolls (D:3)
  3 adders
  An ooze (D:1)
  An adder skeleton (D:4)
  3 worms
  A dart slug (D:1)
  12 orcs
  A ball python (D:1)
  3 bats
  3 giant cockroaches
  16 goblins
  7 hobgoblins
  9 jackals
  A quokka (D:2)
  3 frilled lizards
  7 kobolds
  5 rats
84 creatures vanquished.

Notes
Turn   | Place    | Note
-------+----------+-------------------------------------------
     0 | D:1      | BeastOfSaturn the Ogre Ice Elementalist began the quest for
                  | the Orb.
     0 | D:1      | Reached XP level 1. HP: 16/16 MP: 3/3
    83 | D:1      | Reached XP level 2. HP: 22/24 MP: 3/5
   831 | D:2      | Reached XP level 3. HP: 31/31 MP: 5/7
   949 | D:2      | Noticed Robin
  1001 | D:1      | Learned a level 3 spell: Ozocubu's Armour
  1182 | D:2      | Killed Robin
  1490 | D:2      | Reached XP level 4. HP: 39/39 MP: 9/9
  1496 | D:2      | Learned a level 4 spell: Hailstorm
  2435 | D:3      | Reached XP level 5. HP: 40/45 MP: 6/11
  2591 | D:2      | HP: 1/45 [orc/cursed -2 falchion (7)]
  2911 | D:3      | Reached skill level 1 in Axes
  3214 | D:3      | Found a hazy altar of Hepliaklqana.
  3237 | D:3      | Found a white marble altar of Elyvilon.
  3340 | D:3      | Found a faded altar of an unknown god.
  4019 | D:4      | Reached skill level 1 in Fighting
  4035 | D:4      | Found Nogg's Weapon Shoppe.
  4368 | D:4      | Reached XP level 6. HP: 54/55 MP: 12/12
  5045 | D:4      | HP: 1/55 [orc priest/+0 dagger (3)]
  5046 | D:4      | Mangled by a gnoll

Levels and vault maps discovered:
D:1:      evilmike_arrival_home_sweet_home, layout_rooms, minivault_5,
          minmay_liquid_box
D:2:      layout_basic, nrook_mini_backslash, lemuel_flame_loot_1, uniq_robin
D:3:      layout_rooms, overflow_temple_1_default,
          nicolae_overflow_crystal_walls, first_ration,
          chequers_ecumenical_altar_twisty
D:4:      layout_cave_pools, evilmike_ruin_ashenzari, serial_shops,
          nicolae_shop_behind_doors

Skill      XL: |  1  2  3  4  5  6 |
---------------+-------------------+-----
Ice Magic      | 4 |  4.7
Spellcasting   | 3 4 |  4.6
Dodging        | 2 |  2.1
Axes           | 1 2 |  2.5
Fighting       | 1 |  1.3
Maces & Flails | |  0.6
Stealth        | |  1.4

Action                   |  1- 3 |  4- 6 || total
-------------------------+-------+-------++-------
Melee: Unarmed           |     8 |       ||     8
       Club              |    27 |       ||    27
       War axe           |     7 |   148 ||   155
 Cast: Freeze            |    44 |    60 ||   104
       Ozocubu's Armour  |     2 |       ||     2
  Use: Scroll            |       |     3 ||     3
 Stab: Sleeping          |     2 |       ||     2
  Eat: Ration            |     1 |     4 ||     5
Armor: Robe              |    15 |       ||    15
       Animal skin       |     2 |    68 ||    70
Dodge: Dodged            |    33 |   180 ||   213

Table legend:
 A = Non-vault XP
 B = Vault XP
 C = Vault XP percentage of total XP
 D = Non-vault monster count
 E = Vault monster count
 F = Vault count percentage of total count
                 A         B        C        D         E       F
            +---------+---------+-------+---------+---------+-------
      Total |     372 |      38 |   9.3 |      71 |      13 |  15.5
            +---------+---------+-------+---------+---------+-------
        D:1 |      33 |       4 |  10.8 |      17 |       2 |  10.5
        D:2 |      39 |      34 |  46.6 |      15 |      11 |  42.3
        D:3 |     175 |       0 |   0.0 |      25 |       0 |   0.0
        D:4 |     125 |       0 |   0.0 |      14 |       0 |   0.0
            +---------+---------+-------+---------+---------+-------
